 Dungeon Crawl Stone Soup version 0.20-a0-1062-g7b787ac (webtiles) character file.

67 Alarkh the Shield-Bearer (level 4, 35/35 HPs)
             Began as a Demonspawn Fighter on Apr 27, 2017.
             Quit the game on level 2 of the Dungeon.
             The game lasted 00:01:24 (1759 turns).

Alarkh the Shield-Bearer (Demonspawn Fighter)       Turns: 1759, Time: 00:01:24

Health: 35/35      AC:  6    Str: 16    XL:     4   Next: 0%
Magic:  4/4        EV:  7    Int: 11    God:
Gold:   109        SH:  9    Dex: 12    Spells: 3/3 levels left

rFire    + . .     SeeInvis .   a - +0 long sword
rCold    . . .     Gourm    .   c - +0 shield
rNeg     . . .     Faith    .   b - +0 scale mail
rPois    .         Spirit   .   (helmet restricted)
rElec    .         Reflect  .   (no cloak)
rCorr    .         Harm     .   (no gloves)
MR       .....                  (no boots)
Stlth    ..........             (no amulet)
Regen    0.2/turn               (no ring)
MPRegen  0.1/turn               (no ring)

@: no status effects
A: antennae 1, fire resistance 1
a: no special abilities


You were on level 2 of the Dungeon.
You were not hungry.

You visited 1 branch of the dungeon, and saw 2 of its levels.

You collected 109 gold pieces.

Inventory:

Hand Weapons
 a - a +0 long sword (weapon)
Armour
 b - a +0 scale mail (worn)
 c - a +0 shield (worn)
Scrolls
 e - a scroll of identify
 h - a scroll of remove curse {unknown}
Potions
 g - a potion of berserk rage
 i - 2 potions of curing
 j - a potion of heal wounds
 k - a potion of invisibility {unknown}
Comestibles
 d - 2 chunks of flesh
 f - 3 bread rations
 l - 2 meat rations
 m - a fruit


   Skills:
 + Level 3.1 Fighting
 * Level 2.5 Long Blades
 + Level 3.1 Armour
 + Level 1.1 Dodging
 + Level 3.2 Shields


You had 3 spell levels left.
You didn't know any spells.

Dungeon Overview and Level Annotations

Branches:
Dungeon (2/15)

Altars:


Innate Abilities, Weirdness & Mutations

You have a pair of small antennae on your head.
Your flesh is heat resistant. (rF+)


Message History

The adder bites you but does no damage. You block the adder's attack.
You barely miss the adder.
The adder is severely wounded.
The adder bites you but does no damage. You block the adder's attack.
You closely miss the adder.
The adder is severely wounded.
The adder completely misses you.
You hit the adder.
You kill the adder!
You have reached level 4!
You feel clever.
Your demonic ancestry asserts itself...
A pair of antennae grows on your head!
d - 2 chunks of flesh (gained 1)
You see here a bat skeleton. x2
k - a silvery potion Are you sure you want to abandon this character and quit the game? (Confirm with "yes".)
Okay, then.
Are you sure you want to abandon this character and quit the game? (Confirm with "yes".)
Okay, then.
Are you sure you want to abandon this character and quit the game? (Confirm with "yes".)

########+####.#
..............
............#
............#
............#
......†..÷..#
............#
............## .#
#'####+#@....##.#
#.#.....##.# # #
#.#.....##.#.#
#..#.#.#.....##.#.#
.......#.##+###.#.#
#.....÷....###.#.#
.........##.......#
#....#.#.##.###...#
#... #.#.##.# #...#


There were no monsters in sight!

Vanquished Creatures
  Robin (D:2)
  An adder (D:2)
  An ooze (D:2)
  A dart slug (D:1)
  3 leopard geckos
  A giant cockroach (D:2)
  12 goblins
  3 hobgoblins
  2 kobolds
  6 bats
  3 frilled lizards
  4 rats
38 creatures vanquished.

Notes
Turn   | Place    | Note
-------+----------+-------------------------------------------
     0 | D:1      | Alarkh the Demonspawn Fighter began the quest for the Orb.
     0 | D:1      | Reached XP level 1. HP: 18/18 MP: 1/1
   575 | D:1      | Gained mutation: Your flesh is heat resistant. (rF+) [demonic ancestry]
   575 | D:1      | Reached XP level 2. HP: 24/24 MP: 2/2
  1172 | D:2      | Reached XP level 3. HP: 27/29 MP: 3/3
  1186 | D:2      | Noticed Robin
  1197 | D:2      | Killed Robin
  1210 | D:2      | Reached skill level 1 in Dodging
  1716 | D:2      | Gained mutation: You have a pair of small antennae on your head. [demonic ancestry]
  1716 | D:2      | Reached XP level 4. HP: 31/35 MP: 4/4
  1759 | D:2      | Quit the game

Vault maps used:
D:1:      roderic_crop_circles_arrival_small
D:2:      first_bread, uniq_robin

Skill      XL: |  1  2  3 |
---------------+----------+-----
Long Blades    | 2 |  2.5
Armour         | 3 |  3.1
Shields        | 3 |  3.2
Dodging        | 1 |  1.1
Fighting       | |  3.1

Action                   |  1- 3 |  4- 6 || total
-------------------------+-------+-------++-------
Melee: Long sword        |   125 |       ||   125
  Use: Scroll            |     3 |       ||     3
       Potion            |     1 |       ||     1
  Eat: Chunk             |     3 |       ||     3
Armor: Scale mail        |    68 |       ||    68
Dodge: Dodged            |    40 |       ||    40
Block: Shield            |    75 |       ||    75
       Rpst.: Long sword |    14 |       ||    14
